 Dungeon Crawl Stone Soup version 0.31-a0-875-g02e7d12df6 (webtiles) character file.

Game seed: 9378942551011831733

8 boombarfnjin2354fg the Caller (level 2, -1/11 (19) HPs)
             Began as a Merfolk Summoner on Oct 12, 2023.
             Slain by a kobold
             ... wielding a +1 short sword of draining
              (2 damage)
             ... on level 1 of the Dungeon.
             The game lasted 00:06:47 (149 turns).

boombarfnjin2354fg the Caller (Merfolk Summoner)     Turns: 149, Time: 00:06:48

HP:   -1/11 (19)    AC:  3    Str:  8    XL:     2   Next: 8%
MP:   3/5           EV: 12    Int: 14    God:
Gold: 1             SH:  0    Dex: 14    Spells: 4/5 levels left

rFire   . . .        d - +0 club
rCold   . . .        (no shield)
rNeg    . . .        e - +0 leather armour
rPois   .            (no helmet)
rElec   .            (no cloak)
rCorr   .            (no gloves)
SInv    .            (no boots)
Will    .....        (no amulet)
Stlth   ++           (no ring)
HPRegen 0.21/turn    (no ring)
MPRegen 0.09/turn

%: no passive effects
@: very heavily drained
A: (nimble swimmer 2), mertail
a: no special abilities


You were on level 1 of the Dungeon.
You visited 1 branch of the dungeon, and saw 1 of its levels.

You collected 1 gold pieces.

Inventory:

Hand Weapons
 d - a +0 club (weapon)
 f - a +0 dagger
Armour
 a - a +0 robe
 e - a +0 leather armour (worn)
Scrolls
 c - a scroll of fog {unknown}
Potions
 b - a potion of magic


   Skills:
 + Level 2.7 Dodging
 + Level 2.3 Stealth
 + Level 2.1 Spellcasting
 + Level 4.2 Summonings


You had 4 spell levels left.
You knew the following spells:

 Your Spells              Type           Power      Damage    Failure   Level
a - Summon Small Mammal   Summ           52%        N/A       6%          1

Your spell library contained the following spells:

 Spells                   Type           Power      Damage    Failure   Level
 Call Imp                 Summ           26%        N/A       9%          2
 Call Canine Familiar     Summ           13%        N/A       19%         3
 Summon Guardian Golem    Hex/Summ       7%         N/A       38%         3
 Summon Lightning Spire   Summ/Air       7%         N/A       80%         4


Dungeon Overview and Level Annotations

Branches:
Dungeon (1/15)

Altars:


Innate Abilities, Weirdness & Mutations

((You are very nimble when in or above water. (Stealth+, EV+, Speed+++)))
Your lower body shifts to a powerful aquatic tail in water.


Message History

The kobold hits you with a +1 short sword of draining.
You feel drained.
The kobold hits you with a +1 short sword of draining.
You feel drained.
You barely miss the kobold. The kobold hits you but does no damage.
You feel drained.
You closely miss the kobold.
The kobold hits you with a +1 short sword of draining.
You feel drained.
You closely miss the kobold. The kobold closely misses you.
The kobold barely misses you. The kobold attacks as it pursues you!
The kobold barely misses you.
Casting: Summon Small Mammal (safe; 6% risk of failure)
Confirm with . or Enter, or press ? or * to list all spells.
The hobgoblin hits you but does no damage.
The kobold hits you with a +1 short sword of draining.
You feel drained.
Casting: Summon Small Mammal (safe; 6% risk of failure)
Confirm with . or Enter, or press ? or * to list all spells.
The hobgoblin hits you.
* * * LOW HITPOINT WARNING * * *
Your rat bites the kobold but does no damage.
The kobold barely misses you.
Your bat closely misses the kobold.
The hobgoblin misses your bat.
Your rat barely misses the kobold.
Your bat closely misses the kobold.
The kobold closely misses your rat.
Okay, then.
Your bat hits the kobold but does no damage.
Your rat barely misses the kobold.
The kobold hits your rat but does no damage.
The kobold drains your rat.
Your rat dies!
Your rat's corpse disappears in a puff of smoke!
Your bat hits the hobgoblin but does no damage.
You hit the hobgoblin.
The hobgoblin is lightly wounded.
Your bat barely misses the hobgoblin.
The hobgoblin hits you.
* * * LOW HITPOINT WARNING * * *
The kobold hits you with a +1 short sword of draining.
You die...

####.##.........#....#.###..
#....................#.##..~
#............>............~.
###.###....#.##.##..##†..~..
# #....#.##.##..##....~. #
##...#...............~
##.####.b.#.#..###††##..#..
......#...#.#..###.†##.....
#...§g@........†...(...
#..†.K.##..##...##..##.
#......##.......##..##.
#......# #.##....#....
#......# # #.......##.
#......# ##...#... #........
......... #......##..
#...#.#.. #......# .


You could see a hobgoblin, a kobold (ally target) and a friendly bat (summoned).

Vanquished Creatures
  2 rats (D:1)
2 creatures vanquished.

Vanquished Creatures (collateral kills)
  2 ball pythons (D:1)
  A goblin (D:1)
  A hobgoblin (D:1)
  A kobold (D:1)
  A rat (D:1)
6 creatures vanquished.

Grand Total: 8 creatures vanquished

Notes
Turn   | Place    | Note
-------+----------+-------------------------------------------
     0 | D:1      | boombarfnjin2354fg the Merfolk Summoner began the quest for
                  | the Orb.
     0 | D:1      | Reached XP level 1. HP: 13/13 MP: 3/3
    58 | D:1      | Reached XP level 2. HP: 16/19 MP: 0/5
   149 | D:1      | Slain by a kobold

Illustrated notes

Levels and vault maps discovered:
D:1:      ebering_trefoil_3fold, layout_basic

Action                     || total
---------------------------++-------
  Melee: Unarmed           ||     8
         Club              ||    12
   Cast: Summon Small Mamm ||    10
 Armour: Robe              ||     4
         Leather armour    ||    13
  Dodge: Dodged            ||    19

Table legend: (Time is in decaauts)
 A = Elapsed time spent in this place.
 B = Non-inter-level travel time spent in this place.
 C = Inter-level travel time spent in this place.
 D = Time resting spent in this place.
 E = Time spent auto-exploring this place.
 F = Levels seen in this place.
 G = Mean time per level.
                   A        B        C        D        E       F      G
               +--------+--------+--------+--------+--------+-----+--------+
         Total |    151 |    100 |     51 |      0 |      0 |   1 |  151.0 |
       Dungeon |    151 |    100 |     51 |      0 |      0 |   1 |  151.0 |
               +--------+--------+--------+--------+--------+-----+--------+

Top non-repeatable levels by time:
     D:1: 151 daAuts
